 Dungeon Crawl Stone Soup version 0.29-a0-284-gf9362112df (webtiles) character file.

Game seed: 9108313252633423616

237 YayAnonymity the Shield-Bearer (level 6, -5/46 (48) HPs)
             Began as a Formicid Fighter on Mar 18, 2022.
             Slain by Crazy Yiuf
             ... wielding a +2 quarterstaff of chaos
              (6 damage)
             ... on level 3 of the Dungeon.
             The game lasted 00:03:11 (2879 turns).

YayAnonymity the Shield-Bearer (Formicid Fighter)   Turns: 2879, Time: 00:03:11

HP:   -5/46 (48)    AC:  9    Str: 22    XL:     6   Next: 28%
MP:   6/6           EV:  9    Int:  8    God:
Gold: 206           SH:  5    Dex: 10    Spells: 5/5 levels left

rFire   . . .      SeeInvis +   a - +0 war axe (elec)
rCold   . . .      Faith    .   c - +0 buckler
rNeg    . . .      Spirit   .   b - +0 scale mail
rPois   .          Reflect  .   (helmet unavailable)
rElec   .          Harm     .   (no cloak)
rCorr   .          Rampage  .   o - +0 pair of gloves
Will    .....                   d - +0 pair of boots
Stlth   ..........              (no amulet)
HPRegen 0.15/turn               (no ring)
MPRegen 0.10/turn               (no ring)

@: lethally poisoned (-5 -> -9), lightly drained
A: permanent stasis, dig shafts and tunnels, antennae 3, four strong arms
a: Dig, Shaft Self


You were on level 3 of the Dungeon.
You visited 1 branch of the dungeon, and saw 4 of its levels.

You collected 206 gold pieces.

Inventory:

Hand Weapons
 a - a +0 war axe of electrocution (weapon)
Armour
 b - a +0 scale mail (worn)
 c - a +0 buckler (worn)
 d - a +0 pair of boots (worn)
 o - a +0 pair of gloves (worn)
Scrolls
 e - a scroll of teleportation {unknown}
 f - 3 scrolls of identify {unknown}
 g - 2 scrolls of noise {unknown}
 j - a scroll of blinking {unknown}
 p - a scroll of immolation {unknown}
 r - a scroll of fear {unknown}
 t - a scroll of enchant weapon {unknown}
 v - a scroll of vulnerability {unknown}
Potions
 h - a potion of attraction {unknown}
 i - a potion of lignification {unknown}
 k - a potion of berserk rage {unknown}
 l - a potion of brilliance {unknown}
 m - a potion of mutation {unknown}
 n - a potion of haste {unknown}
 q - a potion of heal wounds {unknown}
 s - a potion of degeneration {unknown}
 u - a potion of magic {unknown}


   Skills:
 + Level 4.0 Fighting
 * Level 4.5 Axes
 - Level 4.0 Armour
 - Level 5.0 Shields


You had 5 spell levels left.
You didn't know any spells.
Your spell library was empty.

Dungeon Overview and Level Annotations

Branches:
Dungeon (4/15)
 Temple: D:4-7

Altars:
Hepliaklqana
Kikubaaqudgha
Sif Muna

Annotations:
D:3 Crazy Yiuf


Innate Abilities, Weirdness & Mutations

You cannot be hasted, slowed, berserked, paralysed or teleported.
You can dig through walls and to a lower floor.
You have a pair of large antennae on your head. (SInv)
Your four strong arms can wield two-handed weapons with a shield.


Message History

No target in view!
HP restored.
You now have 206 gold pieces (gained 12).
v - a scroll labelled XEOLAI URUTUB
Found a mace.
Found a mace.
Found two maces.
You see here a +0 mace.
You see here a +0 mace.
Found a mace.
Found a runed translucent door.
Crazy Yiuf shouts!
You sense a monster nearby.
You open the door.
Crazy Yiuf whimpers, "Dawk Orb Guardian stair!"
You closely miss Crazy Yiuf.
Crazy Yiuf hits you with a +2 quarterstaff of chaos.
You feel drained.
You hit Crazy Yiuf.
Crazy Yiuf is moderately wounded.
Crazy Yiuf hits you with a +2 quarterstaff of chaos.
You barely miss Crazy Yiuf.
Crazy Yiuf is moderately wounded.
Crazy Yiuf hits you with a +2 quarterstaff of chaos! x2
You easily resist.
You completely miss Crazy Yiuf.
Crazy Yiuf is moderately wounded.
Crazy Yiuf closely misses you.
You barely miss Crazy Yiuf.
Crazy Yiuf is moderately wounded.
Crazy Yiuf hits you with a +2 quarterstaff of chaos.
You are poisoned.
You hit Crazy Yiuf.
Crazy Yiuf is heavily wounded.
You feel very sick.
Crazy Yiuf hits you with a +2 quarterstaff of chaos!
* * * LOW HITPOINT WARNING * * *
Space warps around you.
* * * LOW HITPOINT WARNING * * *
Crazy Yiuf hits you with a +2 quarterstaff of chaos.
You die...

##.# #######
### #<# #
####.# #
#####
#...†###
#)..#
##..##..
#...#
###.......
...
#.......).
#g#
###........†
♣@♣♣
...#.......
♣♣.♣
##.#...>...
♣.♣♣
#.....)...
♣♣.♣
#.........
♣♣.♣♣
#.#.......
♣♣)).♣
###.##..##..
♣...♣♣
#......#####
#..).#
#.######
#.)..###.#


You could see Crazy Yiuf.

Vanquished Creatures
  An ice beast (D:3)
  An orc priest (D:3)
  Robin (D:2)
  4 adders
  A dart slug (D:3)
  4 orcs (D:3)
  9 bats
  5 endoplasms
  9 hobgoblins
  A quokka (D:2)
  3 ball pythons
  3 frilled lizards
  10 goblins
  9 kobolds
  4 rats
65 creatures vanquished.

Notes
Turn   | Place    | Note
-------+----------+-------------------------------------------
     0 | D:1      | YayAnonymity the Formicid Fighter began the quest for the
                  | Orb.
     0 | D:1      | Reached XP level 1. HP: 18/18 MP: 1/1
    46 | D:1      | Found a faded altar of an unknown god.
   208 | D:1      | Reached XP level 2. HP: 24/24 MP: 2/2
   732 | D:2      | Noticed Robin
   738 | D:2      | Reached XP level 3. HP: 18/29 MP: 3/3
   739 | D:2      | Reached skill level 4 in Shields
   746 | D:2      | Killed Robin
  1058 | D:2      | Reached XP level 4. HP: 34/35 MP: 4/4
  2009 | D:3      | Reached XP level 5. HP: 12/41 MP: 5/5
  2601 | D:3      | Noticed an ice beast
  2602 | D:3      | Found an ancient bone altar of Kikubaaqudgha.
  2606 | D:3      | Killed an ice beast
  2607 | D:3      | Reached skill level 5 in Shields
  2607 | D:3      | Reached XP level 6. HP: 47/48 MP: 6/6
  2715 | D:3      | You fall into a shaft and drop 1 floor!
  2715 | D:4      | Found a hazy altar of Hepliaklqana.
  2723 | D:4      | Noticed a yak
  2724 | D:4      | Noticed a yak
  2726 | D:4      | Noticed a yak
  2737 | D:3      | Found a shimmering blue altar of Sif Muna.
  2869 | D:3      | Found a runed translucent door.
  2870 | D:3      | Noticed Crazy Yiuf
  2879 | D:3      | HP: 1/46 [Crazy Yiuf/+2 quarterstaff of chaos (6)]
  2879 | D:3      | Slain by Crazy Yiuf

Illustrated notes

Levels and vault maps discovered:
D:1:      eino_arrival_druids_welcome, layout_loops_ring,
          ebering_ecumenical_altar_petrified, hex_medium, minmay_misc_feat_iff
D:2:      layout_loops_ring, chequers_hall_statues_y, dk_noncrumbling_4,
          uniq_robin
D:3:      layout_basic, kiku_gazebo_pond_becter,
          mainiacjoe_overflow_small_starburst, dreamdust_princess_corridor,
          st_stairs_5, patterned_corridor, uniq_crazy_yiuf_cottage
D:4:      layout_loops_ring, mainiacjoe_overflow_surrounded_room,
          general_overflow_altar, dreamdust_princess_bridge,
          kennysheep_generic_room_8, uniq_ijyb, uniq_natasha

Skill      XL: |  1  2  3  4  5 |
---------------+----------------+-----
Shields        | 4 5 |  5.0
Axes           | 3 4 |  4.5
Armour         | 4 |  4.0
Fighting       | 4 |  4.0

Action                   |  1- 3 |  4- 6 || total
-------------------------+-------+-------++-------
Melee: War axe           |    51 |    81 ||   132
 Abil: Dig               |       |     1 ||     1
  Use: Potion            |       |     1 ||     1
Armor: Scale mail        |    35 |    57 ||    92
Dodge: Dodged            |    38 |    47 ||    85
Block: Buckler           |    17 |    22 ||    39

Table legend: (Time is in decaauts)
 A = Elapsed time spent in this place.
 B = Non-inter-level travel time spent in this place.
 C = Inter-level travel time spent in this place.
 D = Time resting spent in this place.
 E = Time spent auto-exploring this place.
 F = Levels seen in this place.
 G = Mean time per level.
                   A        B        C        D        E       F      G
               +--------+--------+--------+--------+--------+-----+--------+
         Total |   2927 |   2836 |     91 |      0 |   2389 |   4 |  731.8 |
       Dungeon |   2927 |   2836 |     91 |      0 |   2389 |   4 |  731.8 |
               +--------+--------+--------+--------+--------+-----+--------+

Top non-repeatable levels by time:
     D:2: 1283 daAuts
     D:3: 981 daAuts
     D:1: 650 daAuts
     D:4: 11 daAuts
